 Dungeon Crawl Stone Soup version 0.23.2 (webtiles) character file.

Game seed: 14229144372868071580

212 Borgoz the Cutter (level 5, -1/48 HPs)
             Began as a Gargoyle Gladiator on Apr 9, 2019.
             Killed by divine providence
             ... invoked by an orc priest
              (12 damage)
             ... on level 3 of the Dungeon.
             The game lasted 00:03:36 (1763 turns).

Borgoz the Cutter (Gargoyle Gladiator)              Turns: 1763, Time: 00:03:36

Health: -1/48      AC: 22    Str: 22 (23) XL:     5   Next: 90%
Magic:  5/5        EV:  2    Int:  7 (8)  God:
Gold:   74         SH:  0    Dex: 10 (12) Spells: 4/4 levels left

rFire    . . .     SeeInvis .   a - +0 rapier
rCold    . . .     Gourm    .   (no shield)
rNeg     + + +     Faith    .   (armour currently unavailable)
rPois    ∞         Spirit   .   (helmet currently unavailable)
rElec    .         Reflect  .   (cloak currently unavailable)
rCorr    .         Harm     .   (gloves currently unavailable)
MR       .....     NoTele   +   (boots currently unavailable)
Stlth    ++........             (no amulet)
HPRegen  0.16/turn              (no ring)
MPRegen  0.09/turn              (no ring)

@: mighty, tree-form
A: negative energy resistance 1, petrification resistance, rot immunity, AC +4
a: no special abilities


You were on level 3 of the Dungeon.
You were not hungry.
You were a tree.
You visited 1 branch of the dungeon, and saw 3 of its levels.

You collected 74 gold pieces.

Inventory:

Hand Weapons
 a - a +0 rapier (weapon)
 b - a +0 rapier
Missiles
 d - 3 throwing nets (quivered)
 m - 3 tomahawks
Armour
 c - a +0 helmet (melded)
 k - a +0 leather armour (melded)
 o - a +2 cloak (melded)
Scrolls
 e - a scroll of noise {unknown}
 j - 3 scrolls of remove curse {unknown}
 p - a scroll of enchant weapon {unknown}
Potions
 h - a potion of lignification
Comestibles
 f - 4 rations


   Skills:
 + Level 3.0 Fighting
 * Level 3.9 Short Blades
 - Level 1.7 Throwing
 + Level 2.0 Armour
 * Level 3.4 Dodging
 + Level 2.2 Stealth


You had 4 spell levels left.
You didn't know any spells.
Your spell library was empty.

Dungeon Overview and Level Annotations

Branches:
Dungeon (3/15)

Altars:
Fedhas


Innate Abilities, Weirdness & Mutations

You are resistant to torment.
((Your stone body is resilient. (AC +4)))
You are immune to poison.
You resist negative energy. (rN+)
((You are resistant to electric shocks. (rElec)))
((You can survive without breathing.))
You are immune to petrification.
You are immune to rotting.


Message History

You puncture the orc priest!
The orc priest is heavily wounded.
The orc priest hits you but does no damage.
You closely miss the orc priest.
The orc priest is heavily wounded.
The orc priest hits you but does no damage.
You hit the orc priest.
The orc priest is heavily wounded.
The orc priest hits you but does no damage.
You hit the orc priest.
The orc priest is severely wounded.
The orc priest barely misses you.
You closely miss the orc priest.
The orc priest is severely wounded.
The orc priest hits you but does no damage.
You barely miss the orc priest.
The orc priest is severely wounded.
The orc priest mumbles some strange prayers to Beogh against you.
Beogh smites you!
You die...

#.#######.# #.#
###.### #.#
#.....# #.#
#.....##### #.#
#.......... #.#
#.....####. #.#
#.P.P.#
.###.###.#
#†÷_..#
......o♣.#
#.P.P.#
####.#####
#.....# ##..###
#.## #.# .# #.#
.#####.######
##.#............
...#.###########


You could see an orc priest.

Vanquished Creatures
  2 orc priests (D:3)
  Robin (D:2)
  4 adders
  2 oozes
  3 worms
  3 dart slugs (D:2)
  A leopard gecko (D:2)
  5 orcs (D:3)
  8 bats
  3 giant cockroaches
  16 goblins
  6 hobgoblins
  6 jackals
  5 kobolds
  A quokka (D:2)
  2 frilled lizards
  11 rats
79 creatures vanquished.

Vanquished Creatures (others)
  5 toadstools (D:1)
5 creatures vanquished.

Grand Total: 84 creatures vanquished

Notes
Turn   | Place    | Note
-------+----------+-------------------------------------------
     0 | D:1      | Borgoz the Gargoyle Gladiator began the quest for the Orb.
     0 | D:1      | Reached XP level 1. HP: 12/12 MP: 1/1
    51 | D:1      | Reached XP level 2. HP: 11/17 MP: 2/2
   334 | D:1      | Reached XP level 3. HP: 21/22 MP: 3/3
   542 | D:2      | Reached skill level 1 in Armour
   672 | D:2      | Reached skill level 1 in Stealth
   781 | D:2      | Reached XP level 4. HP: 27/27 MP: 4/4
   819 | D:2      | Noticed Robin
   913 | D:2      | Killed Robin
  1300 | D:3      | Reached XP level 5. HP: 17/32 MP: 5/5
  1689 | D:3      | Found a blossoming altar of Fedhas.
  1763 | D:3      | Killed from afar by an orc priest

Skill      XL: |  1  2  3  4  5 |
---------------+----------------+-----
Short Blades   | 3 |  3.9
Armour         | 1 2 |  2.0
Stealth        | 1 2 |  2.2
Dodging        | 3 |  3.4
Fighting       | 3 |  3.0
Throwing       | |  1.7

Action                   |  1- 3 |  4- 6 || total
-------------------------+-------+-------++-------
Melee: Rapier            |   127 |   136 ||   263
Throw: Throwing net      |       |     1 ||     1
  Use: Potion            |       |     7 ||     7
 Stab: Sleeping          |     1 |     1 ||     2
       Invisible         |       |     1 ||     1
  Eat: Chunk             |       |     3 ||     3
Armor: Leather armour    |    57 |    52 ||   109
       Skin              |       |    16 ||    16
Dodge: Dodged            |   114 |   107 ||   221
